 Dungeon Crawl Stone Soup version 0.28.0-53-g5a82cb258f (webtiles) character file.

Game seed: 9739859177019398450

79 safid the Shield-Bearer (level 4, -5/40 HPs)
             Began as a Hill Orc Fighter on July 7, 2022.
             Killed from afar by an orc wizard (6 damage)
             ... with a puff of flame
             ... on level 3 of the Dungeon.
             The game lasted 00:02:49 (2226 turns).

safid the Shield-Bearer (Hill Orc Fighter)          Turns: 2226, Time: 00:02:50

Health: -5/40      AC: 11    Str: 20    XL:     4   Next: 38%
Magic:  4/4        EV:  5    Int:  8    God:
Gold:   114        SH:  0    Dex: 10    Spells: 3/3 levels left

rFire   . . .      SeeInvis .   a - +0 war axe
rCold   . . .      Faith    .   c - +0 buckler
rNeg    . . .      Spirit   .   h - +0 plate armour
rPois   .          Reflect  .   (no helmet)
rElec   .          Harm     .   (no cloak)
rCorr   .          Rampage  .   (no gloves)
Will    .....                   (no boots)
Stlth   ..........              (no amulet)
HPRegen 0.13/turn               (no ring)
MPRegen 0.09/turn               (no ring)

@: confused
A: no striking features
a: no special abilities


You were on level 3 of the Dungeon.
You visited 1 branch of the dungeon, and saw 3 of its levels.

You collected 114 gold pieces.

Inventory:

Hand Weapons
 a - a +0 war axe (weapon)
Missiles
 n - 6 poisoned darts (quivered)
Armour
 c - a +0 buckler (worn)
 h - a +0 plate armour (worn)
Jewellery
 j - a ring of flight
Wands
 i - a wand of polymorph (11)
Scrolls
 b - a scroll of teleportation {unknown}
 e - a scroll of enchant weapon {unknown}
 q - a scroll of torment {unknown}
 r - a scroll of fear {unknown}
Potions
 d - a potion of might
 f - a potion of heal wounds {unknown}
 g - a potion of ambrosia {unknown}
 k - a potion of brilliance {unknown}
 l - a potion of haste {unknown}
 m - a potion of mutation {unknown}
 o - a potion of cancellation {unknown}
 p - a potion of attraction {unknown}


   Skills:
 - Level 4.0 Fighting
 + Level 4.0 Axes
 - Level 4.0 Armour
 + Level 4.1 Shields


You had 3 spell levels left.
You didn't know any spells.
Your spell library was empty.

Dungeon Overview and Level Annotations

Branches:
Dungeon (3/15)

Altars:

Shops:
D:1 *(:?


Message History

You barely miss the orc.
The orc is almost dead.
You hit the orc.
You kill the orc!
You hit something. Something hits you but does no damage.
You block the orc's attack.
You slash the orc!
You kill the orc!
You miss something.
Something hits you but does no damage. x2
Something hits you but does no damage.
You see here a +0 trident.
You start resting.
Something hits you but does no damage.
You slash something! Something hits you.
* * * LOW HITPOINT WARNING * * *
You miss something. You block something's attack.
You barely miss something.
An orc wizard appears from thin air!
Reactivating autopickup.
The orc wizard hits you but does no damage.
You block the orc wizard's attack.
You closely miss the orc wizard.
The orc wizard is almost dead.
The orc wizard gestures wildly while chanting.
The orc wizard flickers and vanishes!
Deactivating autopickup; reactivate with Ctrl-A.
You closely miss something. Something hits you but does no damage.
Something hits you.
* * * LOW HITPOINT WARNING * * *
You miss something.
You hear some strange, mumbled words.
You are confused.
You hear some strange, mumbled words.
A magic dart appears from out of thin air!
The magic dart hits you.
* * * LOW HITPOINT WARNING * * *
Something hits you.
* * * LOW HITPOINT WARNING * * *
You hear some strange, mumbled words.
A puff of flame appears from out of thin air!
The puff of flame hits you.
You die...

#.##....##.#.# ### #.
#..........#.#.. #.
####.......#.#.# #.
#.#####.#.#.# #.
##.#####.#.#.# #.
#........#.#.# #.
#........#.#.# ..
#........#.#.########
#..†.....#..@........
#...........{........
#...........)....$...
#..........#)########
#.......####)#
#.......# ...
#........ .....
#.......##......
#.......##.......


There were no monsters in sight!

Vanquished Creatures
  2 adders
  2 dart slugs
  4 orcs (D:3)
  5 ball pythons
  3 bats
  8 endoplasms
  A giant cockroach (D:2)
  4 goblins
  5 hobgoblins
  3 jackals (D:3)
  2 quokkas
  2 frilled lizards
  3 kobolds
  2 rats
46 creatures vanquished.

Notes
Turn   | Place    | Note
-------+----------+-------------------------------------------
     0 | D:1      | safid the Hill Orc Fighter began the quest for the Orb.
     0 | D:1      | Reached XP level 1. HP: 19/19 MP: 1/1
    89 | D:1      | Found Kyaral's Magic Scroll Shoppe.
   246 | D:1      | Found a faded altar of an unknown god.
   345 | D:1      | Reached XP level 2. HP: 27/27 MP: 2/2
   579 | D:1      | Found Woizilim's Assorted Antiques.
   759 | D:1      | Found Amesch's Book Emporium.
   865 | D:1      | Found Upsoot's Antique Weapon Shop.
  1091 | D:2      | Reached XP level 3. HP: 33/33 MP: 3/3
  2125 | D:3      | Reached XP level 4. HP: 39/40 MP: 4/4
  2225 | D:3      | HP: 1/40 [something (3)]
  2226 | D:3      | Killed from afar by an orc wizard

Illustrated notes

Levels and vault maps discovered:
D:1:      dpeg_arrival_simpleton_a, layout_loops_corners, serial_shops,
          nicolae_shop_statue_plus, nicolae_shop_trees,
          nicolae_shop_behind_doors, nicolae_shop_behind_doors,
          basic_ecumenical_altar
D:2:      layout_basic
D:3:      layout_basic, kennysheep_generic_room_5

Skill      XL: |  1  2  3  4 |
---------------+-------------+-----
Axes           | 3 4 |  4.0
Fighting       | 4 |  4.0
Armour         | 4 |  4.0
Shields        | 4 |  4.1

Action                   |  1- 3 |  4- 6 || total
-------------------------+-------+-------++-------
Melee: War axe           |   104 |    39 ||   143
Armor: Scale mail        |     5 |       ||     5
       Plate armour      |    55 |    36 ||    91
Dodge: Dodged            |    30 |     8 ||    38
Block: Buckler           |    16 |    16 ||    32
